 Dungeon Crawl Stone Soup version 0.32-a0-893-gf85d74f360 (webtiles) character file.

Game seed: 7923650022390081148

17842 Turgor the Toxicologist (level 12, -1/74 HPs)
             Began as a Demonspawn Alchemist on Mar 29, 2024.
             Was a Priest of Vehumet.
             Slain by a cane toad (10 damage)
             ... on level 2 of the Lair of Beasts on Apr 3, 2024.
             The game lasted 01:31:16 (15229 turns).

Turgor the Toxicologist (Demonspawn Alchemist)     Turns: 15229, Time: 01:31:16

Health: -1/74      AC: 19    Str: 13    XL:     12   Next: 22%
Magic:  16/29      EV:  8    Int: 20    God:    Vehumet [***...]
Gold:   760        SH:  5    Dex: 13    Spells: 4/22 levels left

rFire   + + .        x - +8 storm bow {elec, penet}
rCold   + . .        (shield currently unavailable)
rNeg    + + .        y - +3 chain mail of Happiness {rPois rC+ rN+ Str+3}
rPois   +            q - +0 helmet
rElec   .            (no cloak)
rCorr   .            (gloves unavailable)
SInv    .            (no boots)
Will    .....        w - amulet of Plog {Reflect rF++ rN+ SH+5} Stlth
                     j - +4 ring of protection
HPRegen 0.32/turn    P - ring of magical power
MPRegen 0.21/turn

%: reflection
@: about to teleport, studying Unarmed Combat
A: claws 3, repulsion field 1, demonic guardian 2, demonic magic 2
a: Renounce Religion


You were on level 2 of the Lair of Beasts.
You worshipped Vehumet.
Vehumet was most pleased with you.
You visited 3 branches of the dungeon, and saw 15 of its levels.
You also visited: Sewer.

You collected 994 gold pieces.
You spent 234 gold pieces at shops.

Inventory:

Hand Weapons
 f - a +0 dagger of flaming
 x - the +8 storm bow (weapon) {elec, penet}
   (You found it on level 7 of the Dungeon)
 K - a +2 dagger of draining
Missiles
 d - a throwing net
 e - 6 javelins
 C - 3 curare-tipped darts
 F - 16 darts of dispersal
Armour
 q - a +0 helmet (worn)
 s - a +2 robe of resistance
 y - the +3 chain mail of Happiness (worn) {rPois rC+ rN+ Str+3}
   (You found it on level 7 of the Dungeon)

   Str+3:     It affects your strength (+3).
   rC+:       It protects you from cold.
   rPois:     It protects you from poison.
   rN+:       It protects you from negative energy.
Magical Staves
 m - a staff of cold
Jewellery
 j - a +4 ring of protection (left claw)
 w - the amulet of Plog (around neck) {Reflect rF++ rN+ SH+5}
   (You bought it in a shop on level 3 of the Dungeon)

   [amulet of reflection]

   Reflect:   It reflects blocked missile attacks.
   rF++:      It greatly protects you from fire.
   rN+:       It protects you from negative energy.
   SH+5:      It affects your SH (+5).
 B - a ring of protection from fire
 P - a ring of magical power (right claw)
Talismans
 o - a maw talisman
Wands
 l - a wand of light (12)
 t - a wand of mindburst (10)
 E - a wand of flame (10)
 H - a wand of paralysis (14)
 M - a wand of polymorph (1)
Scrolls
 a - a scroll of enchant armour
 c - 2 scrolls of vulnerability
 g - 6 scrolls of enchant weapon
 i - a scroll of identify
 p - 3 scrolls of poison
 z - 2 scrolls of torment
 I - a scroll of fog
Potions
 b - a potion of magic
 h - 3 potions of brilliance
 k - 4 potions of enlightenment
 n - 2 potions of lignification
 r - 3 potions of might
 u - a potion of invisibility
 v - a potion of resistance
 A - 2 potions of berserk rage
 G - a potion of curing
Miscellaneous
 D - a lightning rod (4/4)


   Skills:
 - Level 1.1 Ranged Weapons
 * Level 9.5 Armour
 - Level 1.7 Dodging
 - Level 1.7 Stealth
 + Level 5.9 Spellcasting
 + Level 8.4 Conjurations
 + Level 7.3 Air Magic
 - Level 12.0 Alchemy


You had 4 spell levels left.
You knew the following spells:

 Your Spells              Type           Power      Damage    Failure   Level
a - Airstrike             Air            17%        2d(3-19)  17%         4
b - Fulminant Prism       Conj/Alch      23%        3d12      5%          4
m - Mephitic Cloud        Conj/Alch/Air  43%        N/A       2%          3
o - Olgreb's Toxic Radia  Alch           52%        N/A       2%          4
s - Sting                 Conj/Alch      100%       1d9       1%          1
v - Mercury Vapours       Alch/Air       88%        N/A       1%          2

Your spell library contained the following spells:

 Spells                   Type           Power      Damage    Failure   Level
 Magic Dart               Conj           100%       1d8       1%          1
 Searing Ray              Conj           78%        2d7       1%          2
 Sticky Flame             Fire/Alch      29%        2d7       28%         4
 Iskenderun's Mystic Bla Conj/Tloc 22%            2d6        (+2d3     47%         4
 Volatile Blastmotes      Fire/Tloc      10%        2d10      65%         3
 Apportation              Tloc           10%        N/A       78%         1
 Jinxbite                 Hex            10%        N/A       89%         2
 Lesser Beckoning         Tloc           10%        N/A       89%         2
 Maxwell's Portable Pile  Tloc           5%         2d(5-15)  98%         3
 Summon Ice Beast         Ice/Summ       5%         N/A       98%         3
 Teleport Other           Tloc           5%         N/A       98%         3
 Alistair's Intoxication  Alch           34%        N/A       26%         5
 Summon Mana Viper        Hex/Summ       5%         N/A       100%        5
 Dispersal                Tloc           2%         N/A       100%        6
 Gell's Gavotte           Tloc           2%         2d(12-18) 100%        6
 Monstrous Menagerie      Summ           2%         N/A       100%        7


Dungeon Overview and Level Annotations

Branches:
Dungeon (12/15)            Temple (1/1) D:7            Lair (2/5) D:8
  Swamp (0/4) Lair:2          Orc (0/2) D:11          Sewer (visited)
  Snake: Lair:2-3    Spider: Lair:2-3

Altars:
Ashenzari
Cheibriados
Dithmenos
Fedhas
Gozag
Hepliaklqana
Kikubaaqudgha
Makhleb
Nemelex Xobeh
Okawaru
Qazlal
Ru
Sif Muna
Trog
Uskayaw
Vehumet
Wu Jian
Xom
Yredelemnul

Shops:
D:2 ?   D:3 *   D:5 (   D:7 =   D:8 (   D:11 (

Annotations:
D:4 2 transporters, DEFE's ghost, amateur CoFi
D:6 1 runed translucent door, Domino's ghost, novice MDFi
Lair:1 1 runed translucent door, picklenugget's ghost, journeyman OnWr


Innate Abilities, Weirdness & Mutations

You have claws for hands.
You are surrounded by a mild repulsion field. (EV +2)
A demonic guardian rushes to your aid.
Spells you cast may paralyse nearby enemies.


Message History

The eleionoma hurls a spray of splinters at you.
The spray of wooden splinters hits you!
Casting: Sting (safe; 1% risk of failure)
Confirm with . or Enter, or press ? or * to list all spells.
Aiming: Mephitic Cloud (mildly dangerous; 2% risk of failure)
Press: ? - help, Shift-Dir - straight line, p - eleionoma The ball explodes into a vile cloud!
The stinking cloud engulfs the eleionoma.
The eleionoma is severely wounded.
Malevolent energies surge around you.
The cane toad gives a loud, deep croak!
You hear a roar!
The eleionoma is engulfed in noxious fumes.
The eleionoma hits you.
A demonic guardian appears!
Unknown command.
You shoot an arrow. The arrow closely misses the eleionoma.
A six-headed hydra comes into view.
The eleionoma is engulfed in noxious fumes.
The eleionoma barely misses you.
Your smoke demon hits the eleionoma. x2
Your smoke demon barely misses the eleionoma.
The eleionoma is engulfed in noxious fumes.
The eleionoma hurls a spray of splinters at you.
The spray of wooden splinters hits you!!!
* * * LOW HITPOINT WARNING * * *
Unknown command.
Okay, then.
Unknown command.
Okay, then.
You feel better.
A water moccasin comes into view.
You block the cane toad's attack.
The eleionoma is engulfed in noxious fumes.
The eleionoma hits you.
* * * LOW HITPOINT WARNING * * *
Your smoke demon gestures at the eleionoma.
The ball of steam hits the eleionoma!
The eleionoma dies!
Vehumet accepts your kill.
As you read the scroll of teleportation, it crumbles to dust.
You feel strangely unstable. The cane toad stings you!
You die...

..................
#................
##....(...<.......
#.....##..##.P....
........### #....
####......# ...
#...#.### .
##..F.# #..3@#
.....§§☼#
..##.§§D# .
...§.°. .......♣☼
..#...♣ .§ .....♣
S♣ .... §♣


You could see a six-headed hydra, a cane toad, a water moccasin and a friendly
smoke demon (summoned).

Vanquished Creatures
  3 two-headed ogres
  A boulder beetle (D:6)
  A death yak (D:8)
  Pikel (D:8)
  An ugly thing (D:12)
  2 manticores
  A deep elf pyromancer (D:12)
  An elephant (D:8)
  A meliai (D:12)
  A black mamba (Lair:1)
  A cane toad (Lair:1)
  4 kobold demonologists
  An unseen horror (D:11)
  3 trolls
  A tyrant leech (Lair:1)
  A slime creature (D:12)
  Sigmund (D:2)
  A shadow (D:10)
  A spriggan (shapeshifter) (D:12)
  A wyvern (D:10)
  2 wraiths (D:11)
  A basilisk (D:8)
  3 yaks (D:8)
  A steam dragon (D:8)
  3 vampire mosquitoes (D:10)
  2 swamp worms (Lair:1)
  2 acid dragons
  6 water moccasins
  3 orc warriors
  2 ice beasts
  A sky beast (D:6)
  A black bear (D:8)
  2 crocodiles (Sewer)
  2 ogres
  5 centaurs
  5 kobold brigands
  2 bullfrogs (Lair:1)
  2 gnoll sergeants
  2 scorpions
  16 wights
  10 killer bees
  6 howler monkeys
  A hound (D:5)
  A jelly (D:5)
  3 bombardier beetles
  4 gnoll boudas
  4 orc priests
  A sleepcap (D:6)
  2 iguanas
  8 orc wizards
  A malarious merfolk avatar (Sewer)
  A sickly merfolk siren (Sewer)
  28 gnolls
  6 adders
  4 river rats (Sewer)
  4 white imps
  A dart slug (D:4)
  23 orcs
  11 endoplasms
  10 giant cockroaches
  4 goblins
  13 hobgoblins
  2 jackals (D:5)
  3 quokkas
  8 ball pythons
  4 bats
  13 frilled lizards
  16 kobolds
  26 rats
309 creatures vanquished.

Vanquished Creatures (collateral kills)
  An eleionoma (Lair:2)
  A black mamba (Lair:1)
  Menkaure (D:4)
  Edmund (D:5)
  Duvessa (D:5)
  A kobold brigand (D:11)
  Dowan (D:5)
  An iguana (D:6)
8 creatures vanquished.

Vanquished Creatures (others)
  A butterfly (D:7)
  2 fulminant prisms (Lair:1)
3 creatures vanquished.

Grand Total: 320 creatures vanquished

Notes
Turn   | Place    | Note
-------+----------+-------------------------------------------
     0 | D:1      | Turgor the Demonspawn Alchemist began the quest for the
                  | Orb.
     0 | D:1      | Reached XP level 1. HP: 13/13 MP: 3/3
   141 | D:1      | Found a faded altar of an unknown god.
   228 | D:1      | Gained mutation: A weak demonic guardian rushes to your
                  | aid. [demonic ancestry]
   228 | D:1      | Reached XP level 2. HP: 19/19 MP: 0/5
   786 | D:1      | Learned a level 2 spell: Mercury Vapours
   833 | D:2      | Found Faejur's Magic Scroll Boutique.
   844 | D:2      | Bought a scroll of vulnerability for 48 gold pieces
  1025 | D:2      | Gained mutation: Spells you cast may paralyse adjacent
                  | enemies. [demonic ancestry]
  1025 | D:2      | Reached XP level 3. HP: 22/24 MP: 2/6
  1407 | D:2      | Noticed Sigmund
  1811 | D:2      | Killed Sigmund
  1812 | D:2      | Reached skill level 4 in Alchemy
  1812 | D:2      | Gained mutation: Spells you cast may paralyse nearby
                  | enemies. [demonic ancestry]
  1812 | D:2      | Reached XP level 4. HP: 15/30 MP: 2/7
  1812 | D:2      | Gained mutation: A demonic guardian rushes to your aid.
                  | [demonic ancestry]
  1812 | D:2      | Reached XP level 5. HP: 17/35 MP: 2/8
  2129 | D:3      | Found a glowing drain.
  2163 | D:3      | Learned a level 4 spell: Olgreb's Toxic Radiance
  2164 | Sewer    | Entered a sewer
  2281 | Sewer    | Gained mutation: You have sharp fingernails. [demonic
                  | ancestry]
  2281 | Sewer    | Reached XP level 6. HP: 36/41 MP: 3/9
  2286 | Sewer    | Reached skill level 5 in Alchemy
  2712 | Sewer    | Reached skill level 6 in Alchemy
  2809 | Sewer    | Gained mutation: You are surrounded by a mild repulsion
                  | field. (EV +2) [demonic ancestry]
  2809 | Sewer    | Reached XP level 7. HP: 46/46 MP: 5/10
  2978 | D:3      | Found Ferig's Assorted Antiques.
  2981 | D:3      | Bought a scroll labelled LUC TIWKOAGHAO for 27 gold pieces
  2981 | D:3      | Bought a coppery potion for 24 gold pieces
  3267 | D:4      | Found a transporter.
  3267 | D:4      | Noticed DEFE's ghost (amateur CoFi)
  3284 | D:4      | Found a transporter.
  3295 | D:4      | Noticed Menkaure
  3370 | D:4      | HP: 2/46 [Menkaure (4)]
  3372 | D:4      | Killed Menkaure
  3373 | D:4      | Reached skill level 7 in Alchemy
  3611 | D:4      | Learned a level 3 spell: Mephitic Cloud
  4247 | D:4      | Found a shimmering altar of Xom.
  4377 | D:3      | Bought a smoking golden amulet for 135 gold pieces
  4377 | D:3      | Identified the amulet of Plog {Reflect rF++ rN+ SH+5} (You
                  | bought it in a shop on level 3 of the Dungeon)
  4757 | D:5      | Entered Level 5 of the Dungeon
  4796 | D:5      | Noticed Edmund
  4797 | D:5      | Noticed Duvessa
  4811 | D:5      | Noticed Dowan
  4817 | D:5      | Killed Duvessa
  4818 | D:5      | Reached skill level 8 in Alchemy
  4818 | D:5      | Killed Edmund
  4819 | D:5      | Gained mutation: You have very sharp fingernails. [demonic
                  | ancestry]
  4819 | D:5      | Reached XP level 8. HP: 48/52 MP: 4/11
  4824 | D:5      | Killed Dowan
  4922 | D:5      | Found an iron altar of Okawaru.
  4987 | D:5      | Found a broken altar of Ashenzari.
  4999 | D:5      | Reached skill level 9 in Alchemy
  5487 | D:5      | Found Anoez's Weapon Shop.
  5882 | D:6      | You fall into a shaft and drop 1 floor!
  5908 | D:7      | Found Ynesudwihaph's Jewellery Emporium.
  5909 | D:7      | Found a staircase to the Ecumenical Temple.
  5958 | D:7      | Reached skill level 10 in Alchemy
  6026 | Temple   | Entered the Ecumenical Temple
  6055 | Temple   | Became a worshipper of Vehumet
  6236 | D:7      | Found the +8 storm bow {elec, penet}
  6252 | D:7      | Identified the +3 chain mail of Happiness {rPois rC+ rN+
                  | Str+3}
  6485 | D:6      | Reached skill level 1 in Armour
  6705 | D:6      | Found a runed translucent door.
  6747 | D:6      | Noticed Domino's ghost (novice MDFi)
  6939 | D:6      | Reached * piety under Vehumet
  6939 | D:6      | Offered knowledge of Sandblast by Vehumet.
  6940 | D:6      | Reached skill level 1 in Ranged Weapons
  6940 | D:6      | Reached XP level 9. HP: 39/57 MP: 2/12
  7510 | D:6      | Noticed a boulder beetle
  7521 | D:6      | Killed a boulder beetle
  7522 | D:6      | Reached skill level 5 in Conjurations
  8323 | D:7      | Reached XP level 10. HP: 25/63 MP: 1/13
  8324 | D:7      | Reached skill level 5 in Armour
  8791 | D:8      | Noticed a death yak
  8803 | D:8      | Noticed an elephant
  8814 | D:8      | Killed a death yak
  8815 | D:8      | Reached skill level 5 in Air Magic
  8815 | D:8      | Reached skill level 11 in Alchemy
  9040 | D:8      | Found a staircase to the Lair.
  9067 | D:8      | Offered knowledge of Magic Dart by Vehumet.
  9150 | D:8      | Noticed Pikel
  9181 | D:8      | Paralysed by Pikel for 2 turns
  9190 | D:8      | Paralysed by Pikel for 3 turns
  9194 | D:8      | Killed Pikel
  9363 | D:8      | Reached ** piety under Vehumet
  9515 | D:8      | Found Alifec's Antique Weapon Boutique.
  9698 | D:8      | Killed an elephant
 10151 | D:8      | Upgraded the game from 0.32-a0-871-ge202e49faa to
                  | 0.32-a0-886-g41c5271027
 10489 | D:8      | Found a snail-covered altar of Cheibriados.
 10969 | D:9      | Noticed a manticore
 10974 | D:9      | Killed a manticore
 10975 | D:9      | Reached XP level 11. HP: 68/68 MP: 12/17
 11159 | D:9      | Offered knowledge of Static Discharge by Vehumet.
 11424 | D:10     | Entered Level 10 of the Dungeon
 12280 | D:11     | Found Imiz's Antique Weapon Shoppe.
 12333 | D:11     | Noticed a two-headed ogre
 12341 | D:11     | Killed a two-headed ogre
 12407 | D:11     | Identified the +2 pair of gloves of the Black Moon {-Cast
                  | Fly Dex+7 Stlth-}
 12618 | D:11     | Reached *** piety under Vehumet
 12622 | D:11     | Noticed a two-headed ogre
 12630 | D:11     | Killed a two-headed ogre
 12631 | D:11     | Reached skill level 5 in Spellcasting
 12776 | D:11     | Found a staircase to the Orcish Mines.
 13281 | D:12     | Noticed a purple ugly thing
 13291 | D:12     | Noticed Nessos
 13296 | D:12     | Nessos changed into Nessos the meliai
 13296 | D:12     | Noticed Nessos
 13298 | D:12     | Killed a purple ugly thing
 13298 | D:12     | Killed Nessos the meliai
 13299 | D:12     | Reached skill level 12 in Alchemy
 13357 | D:12     | Noticed a deep elf pyromancer
 13366 | D:12     | Killed a deep elf pyromancer
 13366 | D:12     | Offered knowledge of Airstrike by Vehumet.
 13369 | D:12     | Noticed a two-headed ogre
 13372 | D:12     | Learned a level 4 spell: Airstrike
 13411 | D:12     | Killed a two-headed ogre
 13559 | D:12     | Noticed a rakshasa
 13680 | D:12     | Noticed a death knight
 13857 | Lair:1   | Entered Level 1 of the Lair of Beasts
 13882 | Lair:1   | Gained mutation: You have claws for hands. [demonic
                  | ancestry]
 13882 | Lair:1   | Reached XP level 12. HP: 68/74 MP: 20/20
 13955 | Lair:1   | Found a runed translucent door.
 13955 | Lair:1   | Noticed picklenugget's ghost (journeyman OnWr)
 14364 | Lair:1   | Upgraded the game from 0.32-a0-886-g41c5271027 to
                  | 0.32-a0-893-gf85d74f360
 14755 | Lair:1   | Learned a level 4 spell: Fulminant Prism
 15218 | Lair:2   | Found a staircase to the Swamp.
 15218 | Lair:2   | Noticed an eleionoma
 15227 | Lair:2   | Noticed a six-headed hydra
 15228 | Lair:2   | Killed an eleionoma
 15229 | Lair:2   | Slain by a cane toad

Illustrated notes

Levels and vault maps discovered:
D:1:      amcnicky_arrival_double_pillar, layout_basic,
          hellmonk_ecumenical_altar_heavens_door
D:2:      layout_basic, serial_shops, nicolae_shop_tiny_glass,
          kennysheep_generic_room_4, uniq_sigmund
D:3:      layout_basic, zin_statuary, serial_shops,
          nicolae_shop_tiny_real_fake_doors, gup_sewer_entry_glass
D:4:      layout_loops_corners, nicolae_overflow_crystal_walls,
          gammafunk_ghost_arena, serial_library_hellmonk_long_bookcase,
          uniq_menkaure
D:5:      layout_loops_ring, okawaru_trees_1, ashenzari_altar_1, serial_shops,
          nicolae_shop_crystal, uniq_edmund, uniq_duvessa
D:6:      layout_basic, ebering_ghost_sewer_d, grunt_potential
D:7:      layout_rooms, nicolae_elyvilon_peaceful_grove,
          minmay_temple_entry_statues_pillars, minivault_4,
          chequers_serial_rivers_small_3, minmay_shop_enchanted_jewellery,
          minmay_gold_behind_fungi, st_stairs_6, grunt_decor_cap,
          grunt_decor_arrowhead, minmay_unpleasant_kobolds
D:8:      layout_layer_cave, slow_altar_1, david_lair_generic, serial_shops,
          nicolae_shop_hallway_plus, uniq_pikel
D:9:      layout_irregular_city
D:10:     layout_rooms
D:11:     layout_loops_ring, david_orc_3, serial_shops,
          nicolae_shop_back_alley_shop
D:12:     layout_long_grid, minmay_diamond_spiral, uniq_nessos, uniq_snorg
Temple:   kb_temple_of_zot
Lair:1:   layout_big_grid, gammafunk_ghost_grave, worms_lemuel,
          grunt_megastairs_4, infiniplex_staircase_pool_2
Lair:2:   layout_gridlike, alex1729_swamp_entry_worm_eleionoma,
          portal_ice_cave_entry_imps

Skill      XL: |  1  2  3  4  5  6  7  8  9 10 11 |
---------------+----------------------------------+-----
Conjurations   | 3 4 5 6 8 |  8.4
Air Magic      | 2 3 4 5 7 |  7.3
Alchemy        | 4 6 8 10 11 12 | 12.0
Armour         | 1 4 7 9 |  9.5
Ranged Weapons | 1 |  1.1
Spellcasting   | 4 5 |  5.9
Dodging        | |  1.7
Stealth        | |  1.7

Action                     |  1- 3 |  4- 6 |  7- 9 | 10-12 || total
---------------------------+-------+-------+-------+-------++-------
  Melee: Unarmed           |    10 |       |       |       ||    10
         Punch             |     1 |       |       |       ||     1
         Dagger            |     1 |    76 |   124 |    29 ||   230
   Fire: Longbow           |       |       |       |   203 ||   203
  Throw: Stone             |       |     2 |     8 |       ||    10
   Cast: Sting             |    63 |    70 |   164 |    39 ||   336
         Mercury Vapours   |     3 |     4 |    11 |    12 ||    30
         Olgreb's Toxic Ra |       |       |    17 |    61 ||    78
         Mephitic Cloud    |       |       |       |    11 ||    11
         Airstrike         |       |       |       |     3 ||     3
         Fulminant Prism   |       |       |       |     2 ||     2
  Evoke: Wand              |       |       |     5 |    17 ||    22
    Use: Scroll            |     4 |       |    11 |    14 ||    29
         Potion            |       |       |     3 |     3 ||     6
   Stab: Paralysed         |       |    33 |    83 |    21 ||   137
 Armour: Robe              |     9 |    20 |    69 |   113 ||   211
         Skin              |       |       |       |     1 ||     1
         Chain mail        |       |       |       |    43 ||    43
  Dodge: Dodged            |    11 |    23 |    56 |    93 ||   183
  Block: Other             |       |       |    26 |    29 ||    55
         Reflection        |       |       |     5 |     2 ||     7

Table legend: (Time is in decaauts)
 A = Elapsed time spent in this place.
 B = Non-inter-level travel time spent in this place.
 C = Inter-level travel time spent in this place.
 D = Time resting spent in this place.
 E = Time spent auto-exploring this place.
 F = Levels seen in this place.
 G = Mean time per level.
                   A        B        C        D        E       F      G
               +--------+--------+--------+--------+--------+-----+--------+
         Total |  15440 |  14854 |    586 |   1887 |   9867 |  16 |  965.0 |
       Dungeon |  13196 |  12752 |    444 |   1546 |   8607 |  12 | 1099.7 |
        Temple |     58 |      2 |     56 |      0 |      0 |   1 |   58.0 |
          Lair |   1429 |   1344 |     85 |    187 |    952 |   2 |  714.5 |
         Sewer |    756 |    756 |      0 |    154 |    307 |   1 |  756.0 |
               +--------+--------+--------+--------+--------+-----+--------+

Top non-repeatable levels by time:
     D:6: 1868 daAuts
     D:4: 1440 daAuts
     D:7: 1439 daAuts
     D:8: 1434 daAuts
    D:11: 1409 daAuts
  Lair:1: 1408 daAuts
     D:2: 1148 daAuts
     D:5: 1075 daAuts
     D:9: 887 daAuts
     D:1: 790 daAuts
   Sewer: 756 daAuts
     D:3: 656 daAuts
    D:10: 536 daAuts
    D:12: 510 daAuts
  Temple: 58 daAuts
